 Dungeon Crawl Stone Soup version 0.26-a0-1139-g7d2dc893a1 (webtiles) character file.

Game seed: 12559318519798524077

3170 mhtbhm the Basher (level 9, -2/88 HPs)
             Began as a Troll Berserker on Dec 21, 2020.
             Was a High Priest of Trog.
             Slain by an iguana (4 damage)
             ... on level 8 of the Dungeon.
             The game lasted 00:10:25 (6104 turns).

mhtbhm the Basher (Troll Berserker)                 Turns: 6104, Time: 00:10:26

Health: -2/88      AC:  9    Str: 30    XL:     9   Next: 63%
Magic:  8/8        EV:  6    Int:  3    God:    Trog [*****.]
Gold:   188        SH:  0    Dex:  9    Spells: 8/8 levels left

rFire    + . .     SeeInvis .   a - +3 whip of Guile {vorpal, rC+}
rCold    + . .     Faith    .   (no shield)
rNeg     . . .     Spirit   .   i - +2 robe {rC+}
rPois    .         Reflect  .   s - +1 hat
rElec    .         Harm     .   (no cloak)
rCorr    .         Rampage  .   (gloves unavailable)
Will     .....                  (boots unavailable)
Stlth    +.........             (no amulet)
HPRegen  0.64/turn              t - ring of fire
MPRegen  0.11/turn              (no ring)

@: lethally poisoned (-2 -> -6), petrifying, berserk cooldown, slowed, very slow
A: large, unfitting armour, claws 3, regeneration 1, shaggy fur 1, tough skin 3
a: Renounce Religion, Berserk, Trog's Hand, Brothers in Arms


You were on level 8 of the Dungeon.
You worshipped Trog.
Trog was extremely pleased with you.
You visited 1 branch of the dungeon, and saw 8 of its levels.

You collected 358 gold pieces.
You spent 170 gold pieces at shops.

Inventory:

Hand Weapons
 a - the +3 whip of Guile (weapon) {vorpal, rC+}
   (You took it off an orc priest on level 6 of the Dungeon)

   It inflicts extra damage upon your enemies.
   It protects you from cold.
Missiles
 d - 3 atropa-tipped darts
 e - 6 javelins
 q - a throwing net
Armour
 b - the +2 robe of Kejosec {Will- Dex+6 SInv}
   (You found it on level 6 of the Dungeon)

   It affects your dexterity (+6).
   It affects your willpower, your defense against some magical effects.
   It lets you see invisible.
 i - a +2 robe of cold resistance (worn)
 s - a +1 hat (worn)
Jewellery
 t - a ring of fire (left claw)
Scrolls
 f - a scroll of immolation
 g - 2 scrolls of identify
 j - 3 scrolls of enchant armour
 k - 3 scrolls of blinking
 o - a scroll of remove curse
 p - a scroll of enchant weapon
Potions
 c - 2 potions of haste
 h - 4 potions of curing {unknown}
 l - a potion of brilliance {unknown}
 m - 2 potions of resistance {unknown}
 n - 3 potions of degeneration {unknown}
 r - 2 potions of attraction {unknown}
 u - a potion of magic {unknown}
 v - a potion of heal wounds


   Skills:
 + Level 5.5 Fighting
 + Level 9.2 Maces & Flails
 + Level 0.6 Throwing
 + Level 6.2 Dodging
 - Level 1.5 Stealth


You had 8 spell levels left.
You didn't know any spells.
Your spell library was empty.

Dungeon Overview and Level Annotations

Branches:
Dungeon (8/15)             Temple (0/1) D:5
   Lair: D:8-11

Altars:
Ashenzari
Dithmenos
Fedhas
Okawaru
Qazlal
Vehumet

Shops:
D:4 (


Innate Abilities, Weirdness & Mutations

You are too large for most types of armour.
You have claws for hands.
Your natural rate of healing is unusually fast.
You are covered in fur. (AC +1)
You have extremely tough skin. (AC +3)


Message History

The iguana bites you!
You turn to flesh and can move again.
You whack the basilisk!
The basilisk is moderately wounded.
The wyvern bites you. The basilisk bites you. The water moccasin bites you!
* * * LOW HITPOINT WARNING * * *
You are poisoned.
The water moccasin poisons you! The wyvern closely misses you.
The iguana bites you!
* * * LOW HITPOINT WARNING * * *
You hit the basilisk.
The basilisk is moderately wounded.
You feel sick. The water moccasin bites you!
* * * LOW HITPOINT WARNING * * *
The basilisk gazes at you.
You are slowing down.
The wyvern bites you.
* * * LOW HITPOINT WARNING * * *
The water moccasin barely misses you. The iguana bites you!
You die...

.#...........
............
###.......<...
.............
####...........
.......S.......
......llS......
#.......@l.......
...##............
...##..........[.
................
..##............
. #............
#............
##..<......##
#.........##


You could see a basilisk, 2 water moccasins, a wyvern and an iguana.

Vanquished Creatures
  The ghost of sahdkjhfkaj the Grappler, a novice TrBe of Trog (D:5)
  Sigmund (D:2)
  Menkaure (D:6)
  Duvessa (D:6)
  2 necrophages
  A hornet zombie (D:7)
  3 ogres
  3 sky beasts
  2 centaurs
  A bullfrog (D:8)
  2 scorpions
  A wyvern skeleton (D:7)
  Dowan (D:6)
  3 wights (D:6)
  2 howler monkeys
  A centaur zombie (D:5)
  2 hounds
  2 jellies (D:7)
  4 orc priests
  3 bullfrog skeletons
  A centaur skeleton (D:5)
  An iguana (D:4)
  5 orc wizards
  3 worker ants
  A bullfrog simulacrum (D:5)
  A hound zombie (D:7)
  2 worker ant zombies
  A killer bee simulacrum (D:5)
  12 adders
  A hound simulacrum (D:5)
  3 shadow imps
  A white imp (D:5)
  A worker ant simulacrum (D:5)
  2 ufetubi (D:5)
  An adder skeleton (D:7)
  4 worms
  3 dart slugs (D:1)
  2 adder simulacra (D:5)
  8 leopard geckos
  30 orcs
  3 ball pythons
  7 giant cockroaches
  10 goblins
  12 hobgoblins
  14 jackals
  2 quokkas
  7 bats
  9 frilled lizards
  14 kobolds
  A leopard gecko skeleton (D:6)
  2 quokka skeletons
  11 rats
212 creatures vanquished.

Vanquished Creatures (others)
  An orc wizard (D:7)
  5 fungi (D:8)
  16 plants (D:8)
22 creatures vanquished.

Grand Total: 234 creatures vanquished

Notes
Turn   | Place    | Note
-------+----------+-------------------------------------------
     0 | D:1      | mhtbhm the Troll Berserker began the quest for the Orb.
     0 | D:1      | Reached XP level 1. HP: 22/22 MP: 0/0
   151 | D:1      | Reached XP level 2. HP: 24/29 MP: 1/1
   159 | D:1      | Reached skill level 3 in Maces & Flails
   600 | D:1      | Reached ** piety under Trog
   608 | D:1      | Reached XP level 3. HP: 36/36 MP: 2/2
  1091 | D:2      | Noticed Sigmund
  1100 | D:2      | Killed Sigmund
  1101 | D:2      | Reached skill level 4 in Maces & Flails
  1101 | D:2      | Reached XP level 4. HP: 45/45 MP: 3/3
  1101 | D:2      | Reached XP level 5. HP: 53/53 MP: 4/4
  1490 | D:2      | Reached *** piety under Trog
  1728 | D:2      | Found a stormy altar of Qazlal.
  1808 | D:3      | Found a faded altar of an unknown god.
  1812 | D:3      | Reached XP level 6. HP: 60/61 MP: 5/5
  2311 | D:3      | Found a radiant altar of Vehumet.
  2315 | D:3      | Found a broken altar of Ashenzari.
  2479 | D:4      | Found an iron altar of Okawaru.
  2499 | D:4      | Reached skill level 5 in Maces & Flails
  2552 | D:4      | Reached **** piety under Trog
  2608 | D:4      | Reached XP level 7. HP: 40/67 MP: 6/6
  2993 | D:4      | Found a blossoming altar of Fedhas.
  3027 | D:4      | Reached skill level 6 in Maces & Flails
  3167 | D:4      | Found Foujak's Antique Weapon Shop.
  3218 | D:5      | Entered Level 5 of the Dungeon
  3403 | D:5      | Found a staircase to the Ecumenical Temple.
  3551 | D:5      | Reached XP level 8. HP: 78/78 MP: 7/7
  3565 | D:5      | Reached skill level 7 in Maces & Flails
  3695 | D:5      | Found a runed translucent gate.
  3695 | D:5      | Found a runed translucent gate.
  3695 | D:5      | Found a runed translucent gate.
  3763 | D:5      | Noticed sahdkjhfkaj's ghost (novice TrBe)
  3900 | D:5      | Killed sahdkjhfkaj's ghost
  3901 | D:5      | Reached skill level 5 in Dodging
  3901 | D:5      | Reached skill level 1 in Stealth
  4124 | D:4      | Bought a glowing whip for 170 gold pieces
  4287 | D:6      | Identified the +3 whip of Guile {vorpal, rC+}
  4517 | D:6      | Got a heavy robe
  4523 | D:6      | Identified the +2 robe of Kejosec {Will- Dex+6 SInv} (You
                  | found it on level 6 of the Dungeon)
  4534 | D:6      | Reached ***** piety under Trog
  4601 | D:6      | Reached skill level 8 in Maces & Flails
  4606 | D:6      | Reached XP level 9. HP: 81/87 MP: 8/8
  4695 | D:6      | Found an iron altar of Okawaru.
  4878 | D:6      | Noticed Dowan
  4879 | D:6      | Noticed Duvessa
  4889 | D:6      | Killed Dowan
  4895 | D:6      | Killed Duvessa
  4896 | D:6      | Reached skill level 5 in Fighting
  4953 | D:6      | Noticed Menkaure
  4959 | D:6      | Killed Menkaure
  5179 | D:7      | Found a shadowy altar of Dithmenos.
  5986 | D:8      | Reached skill level 9 in Maces & Flails
  6104 | D:8      | HP: 2/88 [wyvern (3)]
  6104 | D:8      | Slain by an iguana

Illustrated notes

Levels and vault maps discovered:
D:1:      erik_arrival_orb_chamber, layout_basic
D:2:      layout_loops_ring, general_overflow_altar, grunt_ministairs_9,
          uniq_sigmund
D:3:      layout_basic, nicolae_overflow_hidden_temple,
          chequers_ecumenical_altar_simple_redux
D:4:      layout_basic, overflow_temple_1_default,
          nicolae_overflow_crystal_walls, serial_shops, shop,
          kennysheep_generic_room_6
D:5:      layout_basic, minmay_temple_entry_stoned_glass, gammafunk_ghost_icy
D:6:      layout_basic, chequers_ossuary_entry_cave,
          chequers_serial_rivers_micro_d, okawaru_altar_gauntlet_db,
          uniq_menkaure, uniq_duvessa
D:7:      layout_loops_ring, grunt_dithmenos_smoke
D:8:      layout_rooms, kennysheep_mini, minmay_lair_entry_grove

Skill      XL: |  1  2  3  4  5  6  7  8  9 |
---------------+----------------------------+-----
Maces & Flails | 3 4 5 6 8 9 |  9.2
Fighting       | 3 4 5 |  5.5
Dodging        | 3 4 5 6 |  6.2
Stealth        | 1 |  1.5
Throwing       | |  0.6

Action                   |  1- 3 |  4- 6 |  7- 9 || total
-------------------------+-------+-------+-------++-------
Melee: Mace              |   114 |   227 |   145 ||   486
       Whip              |       |       |   305 ||   305
Throw: Throwing net      |       |       |     1 ||     1
Invok: Berserk           |     1 |       |     7 ||     8
  Use: Scroll            |       |     1 |     8 ||     9
       Potion            |       |       |     1 ||     1
 Stab: Sleeping          |       |     1 |     1 ||     2
Armor: Animal skin       |    64 |       |       ||    64
       Robe              |       |    99 |   160 ||   259
Dodge: Dodged            |    63 |   152 |   259 ||   474

Table legend: (Time is in decaauts)
 A = Elapsed time spent in this place.
 B = Non-inter-level travel time spent in this place.
 C = Inter-level travel time spent in this place.
 D = Time resting spent in this place.
 E = Time spent auto-exploring this place.
 F = Levels seen in this place.
 G = Mean time per level.
                   A        B        C        D        E       F      G
               +--------+--------+--------+--------+--------+-----+--------+
         Total |   6148 |   6075 |     73 |    500 |   3388 |   8 |  768.5 |
       Dungeon |   6148 |   6075 |     73 |    500 |   3388 |   8 |  768.5 |
               +--------+--------+--------+--------+--------+-----+--------+

Top non-repeatable levels by time:
     D:1: 1064 daAuts
     D:5: 1021 daAuts
     D:6: 894 daAuts
     D:4: 801 daAuts
     D:7: 779 daAuts
     D:2: 762 daAuts
     D:3: 701 daAuts
     D:8: 121 daAuts
